 Dungeon Crawl Stone Soup version 0.14-a0-1653-g0ad7a2c (webtiles) character file.

178 Medar the Chopper (level 5, -1/37 HPs)
             Began as a Formicid Abyssal Knight on Dec 28, 2013.
             Was a Believer of Lugonu.
             Slain by Terence
             ... wielding a +0,+0 short sword
              (4 damage)
             ... on Level 3 of the Dungeon.
             The game lasted 00:10:58 (2784 turns).

Medar the Chopper (Formicid Abyssal Knight)         Turns: 2784, Time: 00:10:59

HP  -1/37        AC  5     Str 18      XL: 5   Next: 19%
MP   5/6         EV 10     Int 11      God: Lugonu [**....]
Gold 83          SH  0     Dex 10      Spells:  0 memorised,  4 levels left

rFire  . . .     SeeInvis +     a - +2 hand axe
rCold  . . .     Clarity  .     b - +0 leather armour
rNeg   . . .     Conserve .     (no shield)
rPois  x         rCorr    .     (helmet unavailable)
rElec  .         rRot     .     p - +0 cloak
SustAb . .       Spirit   .     (no gloves)
rMut   .         Warding  .     (no boots)
Saprov . . .     Stasis   +     (no amulet)
                                (no ring)
                                (no ring)

@: slightly resistant to hostile enchantments, very unstealthy
A: permanent stasis, dig shafts and tunnels, four strong arms, poison weakness,
antennae 3, exoskeleton 1
a: Dig, Shaft Self, Depart the Abyss, Bend Space, Renounce Religion


You were on level 3 of the Dungeon.
You worshipped Lugonu.
Lugonu was pleased with you.
You were not hungry.

You visited 1 branch of the dungeon, and saw 3 of its levels.
You visited the Abyss 1 time.

You collected 83 gold pieces.

Inventory:

Hand weapons
 a - a +2,+2 hand axe (weapon)
 l - a +1,+0 dwarven hand axe
Missiles
 j - 12 poisoned needles
 o - 8 needles of slowing
 r - 5 tomahawks (quivered)
Armour
 b - a +0 leather armour (worn)
 p - a +0 cloak (worn)
Comestibles
 c - 4 bread rations
 n - a meat ration
 s - a choko
Scrolls
 e - a scroll of immolation {unknown}
 g - a scroll of fear {unknown}
 h - a scroll of curse jewellery {unknown}
 i - 4 scrolls of remove curse {unknown}
 k - a scroll of teleportation {unknown}
 m - a scroll of enchant weapon I {unknown}
 t - a scroll of random uselessness {unknown}
Potions
 d - a potion of curing
 f - a potion of resistance {unknown}
 q - a potion of might {unknown}


   Skills:
 - Level 3.0 Fighting
 + Level 4.7 Axes
 - Level 2.4 Armour
 - Level 0.8 Dodging
 - Level 2.1 Invocations


You had 4 spell levels left.
You didn't know any spells.

Dungeon Overview and Level Annotations

Branches:
Dungeon (3/16)

Altars:
Vehumet

Annotations:
D:1 zombies
D:2 exclusion: inept feature mimic
D:3 Grinder, Terence


Innate Abilities, Weirdness & Mutations

Your are under a permanent stasis effect.
You can dig through walls and to a lower floor.
Your four strong arms can wield any weapon, most with a shield.
You are susceptible to poison.
You have a pair of large antennae on your head (SInv).
Your body is surrounded by an exoskeleton. (HP +5, AC +1)


Message History

You see here a robe.
Things that are here:
an orcish scale mail; an orcish dagger Use which ability? (? or * to list) Space bends around you!
You blink.
* * * LOW HITPOINT WARNING * * *
You feel slightly more hungry.
Terence says, "Don't bother to defend, it's pointless."
There is a stone staircase leading up here.
You climb upwards.
Level annotation: exclusion: inept feature mimic Marking area around the inept statue mimic as unsafe for travelling.
There is a stone staircase leading down here.
The rat bites you.
* * * LOW HITPOINT WARNING * * *
You climb downwards.
Level annotation: Grinder, Terence Terence hits you with a short sword.
You die...

...# .#..# #.# #.##
#.#.# #.> ...# ##.#.#
#.# #..# ♣ #....###
#.# #..# #.. #......#
#.# # .#
##..#####...g..# #.#
#...................#
#.#
#.#.#.##..#....@r..##
#.# #.#.#.#
#.#.##..@#.# #.#
#.#.#.###.#.##...#.#
.
#............#####.#
...##.###.##)# #.#
#.###.# #.##.# #.#
#.###.###.##.#####.#
#.........##.......#
%.............####.#
###########...#


You could see Terence, a gnoll and a rat.

Vanquished Creatures
  An orc wizard (D:3)
  A gnoll (D:2)
  An adder (D:3)
  A giant mite (D:2)
  A giant gecko (D:1)
  4 orcs
  6 bats
  3 giant cockroaches
  3 goblins
  4 hobgoblins
  3 kobolds
  3 giant newts
  A kobold skeleton (D:1)
  6 rats
38 creatures vanquished.

Notes
Turn   | Place    | Note
--------------------------------------------------------------
     0 | Abyss:1  | Medar, the Formicid Abyssal Knight, began the quest for the Orb.
     0 | Abyss:1  | Reached XP level 1. HP: 19/19 MP: 1/1
    14 | D:1      | Escaped the Abyss
    14 | D:1      | Noticed a merfolk skeleton
    15 | D:1      | Noticed an elf skeleton
    16 | D:1      | Noticed a draconian skeleton
    20 | D:1      | Noticed a merfolk skeleton
    22 | D:1      | Noticed a minotaur skeleton
    23 | D:1      | Noticed a merfolk skeleton
    27 | D:1      | Noticed an elf skeleton
    29 | D:1      | Noticed an elf skeleton
    29 | D:1      | Noticed a troll skeleton
    31 | D:1      | Noticed a centaur skeleton
    33 | D:1      | Noticed a minotaur skeleton
   129 | D:1      | Reached XP level 2. HP: 15/24 MP: 2/2
   530 | D:1      | Acquired Lugonu's second power
   751 | D:1      | Reached XP level 3. HP: 26/28 MP: 4/4
  2011 | D:2      | Reached XP level 4. HP: 22/33 MP: 5/5
  2056 | D:2      | Reached skill level 4 in Axes
  2373 | D:3      | Reached XP level 5. HP: 31/37 MP: 6/6
  2687 | D:3      | Found a radiant altar of Vehumet.
  2739 | D:3      | Noticed Grinder
  2753 | D:2      | Noticed Terence
  2784 | D:3      | Slain by Terence

Action                   |  1- 3 |  4- 6 || total
-------------------------+-------+-------++-------
Melee: Hand axe          |   110 |    63 ||   173
Invok: Bend Space        |       |     1 ||     1
 Abil: Dig               |     2 |       ||     2
  Use: Scroll            |     3 |       ||     3
       Potion            |       |     3 ||     3
